 Dungeon Crawl Stone Soup version 0.19-a0-376-gf780d9b (webtiles) character file.

217 FrancescoMac the Skirmisher (level 5, 0/46 HPs)
             Began as a Centaur Fighter on May 30, 2016.
             Was an Initiate of Yredelemnul.
             Slain by Edmund
             ... wielding a +0 flail of draining
              (2 damage)
             ... on level 4 of the Dungeon.
             The game lasted 00:09:36 (3163 turns).

FrancescoMac the Skirmisher (Centaur Fighter)       Turns: 3163, Time: 00:09:37

Health: 0/46       AC:  8    Str: 16 (19) XL:     5   Next: 61%
Magic:  5/5        EV:  0    Int:  4 (7)  God:    Yredelemnul [......]
Gold:   146        SH:  6    Dex:  9 (11) Spells: 0 memorised, 4 levels left

rFire  . . .     SeeInvis .     l - +0 broad axe
rCold  . . .     Gourm    .     e - +0 plate armour
rNeg   . . .     Faith    .     c - +0 shield
rPois  .         Spirit   .     (no helmet)
rElec  .         Dismiss  .     (no cloak)
rCorr  .         Reflect  .     (no gloves)
SustAt .         Harm     .     (no barding)
MR     .....                    (no amulet)
Stlth  ..........               (no ring)
                                (no ring)

@: very heavily drained, very quick, not resistant to hostile enchantments,
extremely unstealthy
A: hooves 3, agile 1, deformed body, speed 2, sense surroundings 1, slow
regeneration 1, tough skin 3
a: Renounce Religion


You were on level 4 of the Dungeon.
You worshipped Yredelemnul.
Yredelemnul was noncommittal.
You were not hungry.

You visited 1 branch of the dungeon, and saw 4 of its levels.

You collected 146 gold pieces.

Inventory:

Hand Weapons
 a - a +1 war axe
 l - a +0 broad axe (weapon)
Armour
 b - a +0 scale mail
 c - a +0 shield (worn)
 e - a +0 plate armour (worn)
Jewellery
 n - an uncursed amulet of magic regeneration
Scrolls
 h - 3 scrolls of remove curse
 i - 4 scrolls of identify
 j - a scroll of recharging
 q - a scroll of teleportation
 r - a scroll of immolation
Potions
 d - a potion of might
 m - 2 potions of haste
 o - 2 potions of invisibility
Comestibles
 f - 3 bread rations
 k - 2 fruits
 p - 8 chunks of flesh


   Skills:
 + Level 3.9(0.0) Fighting
 + Level 3.0(0.0) Axes
 + Level 3.1(0.0) Armour
 + Level 3.1(0.0) Shields


You had 4 spell levels left.
You didn't know any spells.

Dungeon Overview and Level Annotations

Branches:
Dungeon (4/15)
 Temple: D:4-7

Altars:
Elyvilon
Yredelemnul
Zin
The Shining One

Annotations:
D:4 Edmund


Innate Abilities, Weirdness & Mutations

You have hooves in place of feet.
Armour fits poorly on your strangely shaped body.
You cover ground very quickly.
You have extremely tough skin. (AC +3)
You are agile. (Dex +2)
You passively map a small area around you.
You regenerate slowly when monsters are visible.


Message History

You feel drained.
* * * LOW HITPOINT WARNING * * *
Edmund hits you with a flail of draining.
* * * LOW HITPOINT WARNING * * *
You feel drained.
You hit Edmund.
Edmund is almost dead.
You block Edmund's attack.
Your shield and plate armour prevent you from hitting Edmund.
Edmund is almost dead.
Edmund hits you with a flail of draining.
* * * LOW HITPOINT WARNING * * *
You feel drained. Edmund completely misses you.
You barely miss Edmund.
Edmund is almost dead.
Edmund hits you with a flail of draining.
* * * LOW HITPOINT WARNING * * *
You feel drained.
You die...
Your body rises from the dead as a mindless zombie.

*
#######.........#..#
,, ,* #..#.........#
* * #.....######.# ,
, #.##########.# , ,
,,, **
#............# , ,
#..########### * *
#..# * ########..# ,
#....h@@..# *
#.#######.# #.# #.#
, #.# , * .# , .# *
* , , *


You could see Edmund and a hound.

Vanquished Creatures
  The ghost of tstbtto the Chopper, an amateur NaCK of Xom (D:3)
  4 adders
  A shadow imp (D:3)
  A worm (D:2)
  4 dart slugs
  3 giant geckos
  4 orcs (D:3)
  2 giant cockroaches
  2 gnoll zombies (D:3)
  7 goblins
  6 hobgoblins
  3 quokkas
  7 bats
  3 giant newts
  7 kobolds
  7 rats
62 creatures vanquished.

Vanquished Creatures (others)
  14 toadstools (D:1)
14 creatures vanquished.

Grand Total: 76 creatures vanquished

Notes
Turn   | Place    | Note
--------------------------------------------------------------
     0 | D:1      | FrancescoMac the Centaur Fighter began the quest for the Orb.
     0 | D:1      | Reached XP level 1. HP: 19/19 MP: 1/1
   189 | D:1      | Reached XP level 2. HP: 14/26 MP: 2/2
   887 | D:2      | Reached XP level 3. HP: 31/31 MP: 3/3
  1452 | D:2      | Found a glowing golden altar of the Shining One.
  1452 | D:2      | Found a white marble altar of Elyvilon.
  1453 | D:2      | Found a glowing silver altar of Zin.
  1690 | D:3      | Noticed tstbtto's ghost (amateur NaCK)
  1698 | D:3      | Reached XP level 4. HP: 37/38 MP: 4/4
  2391 | D:3      | Found a basalt altar of Yredelemnul.
  2401 | D:3      | Became a worshipper of Yredelemnul the Dark
  2951 | D:3      | Killed tstbtto's ghost
  2951 | D:3      | Reached XP level 5. HP: 46/46 MP: 5/5
  3058 | D:3      | Gained mutation: You are agile. (Dex +2) [potion of mutation]
  3058 | D:3      | Gained mutation: You regenerate slowly when monsters are visible. [potion of mutation]
  3058 | D:3      | Gained mutation: You passively map a small area around you. [potion of mutation]
  3138 | D:4      | Noticed Edmund
  3163 | D:4      | HP: 2/46 [Edmund/flail of draining (6)]
  3163 | D:4      | Slain by Edmund

Vault maps used:
D:1:      nagdon_arrival_zigzag_paths, serial_bayou_crossing
D:2:      good_gods_temple_1
D:3:      lemuel_zombie_altar_yredelemnul, first_bread
D:4:      wad_crossroads, kennysheep_mini, kennysheep_cluttered_room,
          uniq_menkaure, uniq_duvessa, uniq_edmund

Skill      XL: |  1  2  3  4 |
---------------+-------------+-----
Axes           | 2 3 |  3.0
Armour         | 3 |  3.1
Shields        | 3 |  3.1
Fighting       | |  3.9

Action                   |  1- 3 |  4- 6 || total
-------------------------+-------+-------++-------
Melee: War axe           |    67 |       ||    67
       Kick              |    15 |    29 ||    44
       Broad axe         |    38 |   155 ||   193
  Use: Scroll            |     9 |       ||     9
       Potion            |     2 |     4 ||     6
 Stab: Invisible         |     1 |     2 ||     3
  Eat: Chunk             |     1 |     5 ||     6
       Fruit             |       |     1 ||     1
Armor: Scale mail        |    17 |       ||    17
       Plate armour      |    35 |   126 ||   161
Dodge: Dodged            |    17 |     8 ||    25
Block: Shield            |    55 |   115 ||   170
